PAA
RENO SILVER SOX @ NORTHVILLE ECLIPSE
05/12/2033
 
TOP OF THE 1ST
Reno Silver Sox batting - Pitching for Northville Eclipse : RHP Zaki Fakhiri
Pitching: RHP Zaki Fakhiri
Batting: RHB Jean Lechuga 0-0: Called Strike
0-1: Foul Ball, location: 2F
0-2: Strikes out swinging
Batting: RHB Tumas Wenzu 0-0: Ball
1-0: Ball
2-0: Ball
3-0: Called Strike
3-1: Base on Balls
Batting: RHB Daniel Bertrand Pickoff Throw to First - Out!
0-0: Fly out, F8 (Flyball, 8LM)
Top of the 1st over - 0 runs, 0 hits, 0 errors, 0 left on base; Reno 0 - Northville 0
BOTTOM OF THE 1ST
Northville Eclipse batting - Pitching for Reno Silver Sox : RHP Charlie Fairthorne
Pitching: RHP Charlie Fairthorne
Batting: RHB Sidney Mackell 0-0: Called Strike
0-1: Ball
1-1: SINGLE (Line Drive, 5D)
Batting: RHB Bill Wilson 0-0: Ball
Sidney Mackell steals 2nd base
1-0: Called Strike
1-1: Fly out, F8 (Flyball, 8LM)
Batting: LHB Gilberto Ocasio 0-0: Foul Ball, location: 2F
0-1: Ball
1-1: Ball
2-1: Fly out, F9 (Flyball, 9S)
Batting: RHB Xi-ku See-to 0-0: Ball
1-0: Ball
2-0: Foul Ball, location: 2F
2-1: DOUBLE (Groundball, 5L)
Sidney Mackell scores
Batting: LHB Lonnie Murray 0-0: Called Strike
0-1: Ball
1-1: Foul Ball, location: 2F
1-2: Foul Ball, location: 2F
1-2: Ball
2-2: Ball
3-2: Ground out 4-3 (Groundball, 34D)
Bottom of the 1st over - 1 run, 2 hits, 0 errors, 1 left on base; Reno 0 - Northville 1
TOP OF THE 2ND
Reno Silver Sox batting - Pitching for Northville Eclipse : RHP Zaki Fakhiri
Batting: LHB Henry Madore 0-0: Ball
1-0: SOLO HOME RUN (Flyball, 78XD), Distance : 425 ft
Batting: RHB Jong-beom Chang 0-0: Called Strike
0-1: Ball
1-1: Ball
2-1: Fly out, F8 (Flyball, 8RS)
Batting: LHB Luis Aranda 0-0: Ball
1-0: SINGLE (Line Drive, 34)
Batting: RHB Carlos González 0-0: Called Strike
0-1: Swinging Strike
0-2: Strikes out looking
Batting: RHB Juan Laguna 0-0: Foul Ball, location: 2F
0-1: Foul Ball, location: 2F
0-2: Foul Ball, location: 2F
0-2: Ball
1-2: Ball
2-2: Foul Ball, location: 2F
2-2: Ball
3-2: Fly out, F8 (Flyball, 8RD)
Top of the 2nd over - 1 run, 2 hits, 0 errors, 1 left on base; Reno 1 - Northville 1
BOTTOM OF THE 2ND
Northville Eclipse batting - Pitching for Reno Silver Sox : RHP Charlie Fairthorne
Batting: RHB Chang-lit Min 0-0: Called Strike
0-1: Ground out 6-3 (Groundball, 6)
Pitching: RHP Herman Guevera
Batting: LHB Marvello Obra 0-0: Ground out 3-1 (Groundball, 34S)
Batting: RHB Tabor de Maria 0-0: Ball
1-0: Ball
2-0: Fly out, F8 (Flyball, 8LM)
Bottom of the 2nd over - 0 runs, 0 hits, 0 errors, 0 left on base; Reno 1 - Northville 1
TOP OF THE 3RD
Reno Silver Sox batting - Pitching for Northville Eclipse : RHP Zaki Fakhiri
Batting: RHB Landon Edwards 0-0: Ground out 6-3 (Groundball, 6)
Batting: RHB Jean Lechuga 0-0: Ball
1-0: Foul Ball, location: 2F
1-1: SINGLE (Groundball, 56D)
Batting: RHB Tumas Wenzu 0-0: Called Strike
Jean Lechuga is caught stealing 2nd base
0-1: Ball
1-1: Ball
2-1: Ball
3-1: Foul Ball, location: 2F
3-2: Fly out, F4 (Popup, 34D)
Top of the 3rd over - 0 runs, 1 hit, 0 errors, 0 left on base; Reno 1 - Northville 1
BOTTOM OF THE 3RD
Northville Eclipse batting - Pitching for Reno Silver Sox : RHP Herman Guevera
Batting: RHB Kauna Aleferede 0-0: Fly out, F4 (Line Drive, 4)
Batting: RHB Sidney Mackell 0-0: Ball
1-0: Called Strike
1-1: Foul Ball, location: 2F
1-2: Ball
2-2: Ball
3-2: Base on Balls
Pitching: RHP Quaide Weimerskirch
Batting: RHB Bill Wilson 0-0: Called Strike
0-1: Grounds into double play, 6-4-3 (Groundball, 56)
Bottom of the 3rd over - 0 runs, 0 hits, 0 errors, 0 left on base; Reno 1 - Northville 1
TOP OF THE 4TH
Reno Silver Sox batting - Pitching for Northville Eclipse : RHP Zaki Fakhiri
Batting: RHB Daniel Bertrand 0-0: Ground out 4-3 (Groundball, 4S)
Batting: LHB Henry Madore 0-0: Foul Ball, location: 2F
0-1: Called Strike
0-2: Ball
1-2: Ball
2-2: Foul Ball, location: 2F
2-2: Ball
3-2: Ground out 6-3 (Groundball, 6)
Batting: RHB Jong-beom Chang 0-0: Ball
1-0: Called Strike
1-1: Swinging Strike
1-2: Strikes out looking
Top of the 4th over - 0 runs, 0 hits, 0 errors, 0 left on base; Reno 1 - Northville 1
BOTTOM OF THE 4TH
Northville Eclipse batting - Pitching for Reno Silver Sox : RHP Quaide Weimerskirch
Batting: LHB Gilberto Ocasio 0-0: Ball
1-0: Called Strike
1-1: Fly out, F8 (Flyball, 8RD)
Batting: RHB Xi-ku See-to 0-0: Fly out, F5 (Line Drive, 56)
Batting: LHB Lonnie Murray 0-0: Ball
1-0: Called Strike
1-1: Ball
2-1: Ball
3-1: Swinging Strike
3-2: Fly out, F7 (Flyball, 7LMF)
Bottom of the 4th over - 0 runs, 0 hits, 0 errors, 0 left on base; Reno 1 - Northville 1
TOP OF THE 5TH
Reno Silver Sox batting - Pitching for Northville Eclipse : RHP Zaki Fakhiri
Pitching: RHP Jeff Greer
Batting: LHB Luis Aranda 0-0: Foul Ball, location: 2F
0-1: Ball
1-1: Ball
2-1: Ball
3-1: Base on Balls
Batting: RHB Carlos González 0-0: Bunted foul
0-1: Sac Bunt - play at first, batter OUT! 1-4
Luis Aranda to second
Batting: RHB Juan Laguna 0-0: Fly out, F6 (Popup, 6MD)
Batting: RHB Landon Edwards 0-0: Ball
1-0: Ball
2-0: Called Strike
2-1: 2-RUN HOME RUN (Line Drive, 7LD), Distance : 356 ft
Batting: RHB Jean Lechuga 0-0: Called Strike
0-1: Fly out, F8 (Line Drive, 78D)
Top of the 5th over - 2 runs, 1 hit, 0 errors, 0 left on base; Reno 3 - Northville 1
BOTTOM OF THE 5TH
Northville Eclipse batting - Pitching for Reno Silver Sox : RHP Quaide Weimerskirch
Batting: RHB Chang-lit Min 0-0: Foul Ball, location: 2F
0-1: Foul Ball, location: 2F
0-2: Ball
1-2: Ball
2-2: Ground out 5-3 (Groundball, 56S)
Batting: LHB Marvello Obra 0-0: Ground out 4-3 (Groundball, 4)
Batting: RHB Tabor de Maria 0-0: Fly out, F9 (Flyball, 9LS)
Bottom of the 5th over - 0 runs, 0 hits, 0 errors, 0 left on base; Reno 3 - Northville 1
TOP OF THE 6TH
Reno Silver Sox batting - Pitching for Northville Eclipse : RHP Jeff Greer
Batting: RHB Tumas Wenzu 0-0: Fly out, F4 (Popup, 34)
Batting: RHB Daniel Bertrand 0-0: Called Strike
0-1: Ball
1-1: Foul Ball, location: 2F
1-2: Ball
2-2: Strikes out swinging
Batting: LHB Henry Madore 0-0: Foul Ball, location: 2F
0-1: Swinging Strike
0-2: Ball
1-2: Foul Ball, location: 2F
1-2: Strikes out swinging
Top of the 6th over - 0 runs, 0 hits, 0 errors, 0 left on base; Reno 3 - Northville 1
BOTTOM OF THE 6TH
Northville Eclipse batting - Pitching for Reno Silver Sox : RHP Quaide Weimerskirch
Batting: RHB Kauna Aleferede 0-0: Ball
1-0: Fly out, F9 (Line Drive, 9S)
Batting: RHB Sidney Mackell 0-0: Foul Ball, location: 2F
0-1: DOUBLE (Groundball, 3L)
Batting: RHB Bill Wilson 0-0: Called Strike
0-1: Ball
1-1: Foul Ball, location: 2F
1-2: SINGLE (Groundball, 4MD)
Sidney Mackell to third
Runner from 3rd tries for Home, SAFE, no throw
Batting: LHB Gilberto Ocasio 0-0: Grounds into double play, 6-4-3 (Groundball, 6)
Bottom of the 6th over - 1 run, 2 hits, 0 errors, 0 left on base; Reno 3 - Northville 2
TOP OF THE 7TH
Reno Silver Sox batting - Pitching for Northville Eclipse : RHP Jeff Greer
Batting: RHB Jong-beom Chang 0-0: Foul Ball, location: 2F
0-1: Ball
1-1: Ball
2-1: SOLO HOME RUN (Flyball, 7LD), Distance : 366 ft
Pitching: LHP Ricardo Fraga
Batting: LHB Luis Aranda 0-0: Called Strike
0-1: Swinging Strike
0-2: Strikes out swinging
Batting: RHB Carlos González 0-0: Ball
1-0: Swinging Strike
1-1: SINGLE (Flyball, 7S)
Batting: RHB Juan Laguna 0-0: Foul Ball, location: 2F
0-1: Swinging Strike
0-2: Fly out, F8 (Line Drive, 78D)
Batting: RHB Landon Edwards 0-0: Called Strike
0-1: Foul Ball, location: 2F
0-2: Ball
1-2: Strikes out swinging
Top of the 7th over - 1 run, 2 hits, 0 errors, 1 left on base; Reno 4 - Northville 2
BOTTOM OF THE 7TH
Northville Eclipse batting - Pitching for Reno Silver Sox : RHP Quaide Weimerskirch
Batting: RHB Xi-ku See-to 0-0: Swinging Strike
0-1: Fly out, F7 (Flyball, 7LM)
Batting: LHB Lonnie Murray 0-0: DOUBLE (Line Drive, 9D)
Batting: RHB Chang-lit Min 0-0: Ground out 6-3 (Groundball, 6)
Batting: LHB Marvello Obra 0-0: Foul Ball, location: 2F
0-1: TRIPLE (Flyball, 89XD)
Lonnie Murray scores
Batting: RHB Tabor de Maria 0-0: Foul Ball, location: 2F
0-1: Ground out 2-3 (Groundball, 2L)
Bottom of the 7th over - 1 run, 2 hits, 0 errors, 1 left on base; Reno 4 - Northville 3
TOP OF THE 8TH
Reno Silver Sox batting - Pitching for Northville Eclipse : LHP Ricardo Fraga
Batting: RHB Jean Lechuga 0-0: Ground out 4-3 (Groundball, 4)
Batting: RHB Tumas Wenzu 0-0: Swinging Strike
0-1: SINGLE (Flyball, 78S)
Batting: RHB Daniel Bertrand 0-0: Ball
1-0: Called Strike
1-1: Ball
2-1: DOUBLE (Line Drive, 7LM)
Tumas Wenzu to third
Pinch Hitting: RHB George Albaugh 0-0: Called Strike
0-1: Ball
1-1: Ball
2-1: Ball
3-1: Fly out, F2 (Popup, 2RF)
Batting: RHB Jong-beom Chang 0-0: Foul Ball, location: 2F
0-1: Ball
1-1: Ball
2-1: Fly out, F8 (Flyball, 89M)
Top of the 8th over - 0 runs, 2 hits, 0 errors, 2 left on base; Reno 4 - Northville 3
BOTTOM OF THE 8TH
Northville Eclipse batting - Pitching for Reno Silver Sox : RHP Quaide Weimerskirch
Now at C: Gomez Talone
Now at 3B: George Albaugh
Batting: RHB Kauna Aleferede 0-0: Called Strike
0-1: Ball
1-1: Ball
2-1: Foul Ball, location: 2F
2-2: SINGLE (Groundball, 6D)
Pitching: RHP Aaron Houchens
Batting: RHB Sidney Mackell 0-0: Sac Bunt - play at first, batter OUT! 2-4
Kauna Aleferede to second
Batting: RHB Bill Wilson 0-0: Called Strike
0-1: Ball
1-1: Ball
2-1: Foul Ball, location: 2F
2-2: SINGLE (Groundball, 56S) (infield hit)
Kauna Aleferede to third
Batting: LHB Gilberto Ocasio 0-0: Ball
1-0: Swinging Strike
1-1: Ball
2-1: Ground out 5-3 (Groundball, 5L)
Bill Wilson to second
Batting: RHB Xi-ku See-to 0-0: Swinging Strike
0-1: Foul Ball, location: 2F
0-2: Strikes out looking
Bottom of the 8th over - 0 runs, 2 hits, 0 errors, 2 left on base; Reno 4 - Northville 3
TOP OF THE 9TH
Reno Silver Sox batting - Pitching for Northville Eclipse : LHP Ricardo Fraga
Batting: LHB Luis Aranda 0-0: Foul Ball, location: 2F
0-1: Foul Ball, location: 2F
0-2: Fly out, F9 (Line Drive, 89M)
Batting: RHB Carlos González 0-0: Called Strike
0-1: Ground out 6-3 (Groundball, 6S)
Batting: RHB Juan Laguna 0-0: Swinging Strike
0-1: Foul Ball, location: 2F
0-2: Ball
1-2: Strikes out looking
Top of the 9th over - 0 runs, 0 hits, 0 errors, 0 left on base; Reno 4 - Northville 3
BOTTOM OF THE 9TH
Northville Eclipse batting - Pitching for Reno Silver Sox : RHP Aaron Houchens
Pitching: LHP Francisco Gonsáles
Batting: LHB Lonnie Murray 0-0: Ball
1-0: Swinging Strike
1-1: Ball
2-1: Ball
3-1: Base on Balls
Batting: RHB Chang-lit Min 0-0: Bunted foul
0-1: Sac Bunt - play at first, batter OUT! 1-4
Lonnie Murray to second
Batting: LHB Marvello Obra 0-0: Called Strike
0-1: Swinging Strike
0-2: Fly out, F8 (Flyball, 8LS)
Batting: RHB Tabor de Maria 0-0: Ball
1-0: Ball
2-0: Ball
3-0: Called Strike
3-1: Base on Balls
Batting: RHB Kauna Aleferede 0-0: Swinging Strike
0-1: Fly out, F6 (Line Drive, 6MD)
Bottom of the 9th over - 0 runs, 0 hits, 0 errors, 2 left on base; Reno 4 - Northville 3
Saturday, December 22nd, 2018 - OOTP Baseball 18.8 Build 76